 Dungeon Crawl Stone Soup version 0.19.0-19-g8c6edcc (console) character file.

578 Gottschkopf the Fighter (level 7, -2/71 HPs)
             Began as a Minotaur Fighter on Nov 16, 2016.
             Slain by a worker ant (5 damage)
             ... on level 5 of the Dungeon.
             The game lasted 00:05:00 (2924 turns).

Gottschkopf the Fighter (Minotaur Fighter)          Turns: 2924, Time: 00:05:01

Health: -2/71      AC:  6    Str: 22      XL:     7   Next: 13%
Magic:  6/6        EV:  7    Int:  3 (5)  God:
Gold:   134        SH:  9    Dex: 10      Spells: 0 memorised, 6 levels left

rFire  . . .     SeeInvis .     a - +0 long sword
rCold  . . .     Gourm    .     b - +0 scale mail
rNeg   . . .     Faith    .     c - +0 shield
rPois  .         Spirit   .     (helmet restricted)
rElec  .         Reflect  .     (no cloak)
rCorr  .         Harm     .     (no gloves)
MR     .....                    (no boots)
Stlth  ..........               (no amulet)
                                (no ring)
                                (no ring)

@: lethally poisoned (-2 -> -5)
A: retaliatory headbutt, horns 2, deterioration 1, mutation resistance 1,
MP-powered wands
a: no special abilities


You were on level 5 of the Dungeon.
You were not hungry.

You visited 1 branch of the dungeon, and saw 5 of its levels.

You collected 134 gold pieces.

Inventory:

Hand Weapons
 a - a +0 long sword (weapon)
Armour
 b - a +0 scale mail (worn)
 c - a +0 shield (worn)
Scrolls
 e - 4 scrolls of remove curse {unknown}
 k - 2 scrolls of enchant armour {unknown}
 m - a scroll of amnesia {unknown}
 o - a scroll of teleportation {unknown}
 p - a scroll of random uselessness {unknown}
 t - a scroll of identify {unknown}
Potions
 d - a potion of might
 i - a potion of heal wounds {unknown}
 j - 2 potions of degeneration {unknown}
 l - a potion of agility {unknown}
 n - a potion of magic {unknown}
 q - a potion of lignification {unknown}
 r - a potion of curing {unknown}
 s - a potion of beneficial mutation {unknown}
Comestibles
 f - 2 bread rations
 g - 4 meat rations
 h - 4 chunks of flesh


   Skills:
 + Level 9.8 Fighting
 - Level 2.4 Long Blades
 - Level 3.6 Armour
 - Level 3.6 Shields


You had 6 spell levels left.
You didn't know any spells.

Dungeon Overview and Level Annotations

Branches:
Dungeon (4/15)
 Temple: D:4-7

Altars:
Okawaru
Xom
Yredelemnul


Innate Abilities, Weirdness & Mutations

You reflexively headbutt those who attack you in melee.
You have a pair of horns on your head.
Your body sometimes deteriorates upon taking damage.
You are somewhat resistant to further mutation.
You expend magic power (3 MP) to strengthen your wands.


Message History

The worker ant is severely wounded.
You closely miss the worker ant.
The worker ant is severely wounded.
The worker ant closely misses you.
You riposte.
You closely miss the worker ant.
The worker ant is severely wounded.
You block something's attack.
Some of the chunks of flesh in your inventory have rotted away.
You hit the worker ant.
The worker ant is almost dead.
You feel sick. The worker ant bites you.
* * * LOW HITPOINT WARNING * * *
Something hits you but does no damage. The worker ant bites you.
* * * LOW HITPOINT WARNING * * *
Something hits you but does no damage.
You closely miss the worker ant.
The worker ant is almost dead.
You block the worker ant's attack. Something hits you but does no damage.
The worker ant bites you.
You die...

#....#..# ≈≈≈# # #....#..#
≈≈≈ # #....#..# #####≈# +
#..a.#..#####...#.#####
#..†.#..##'##..........
+...o#......'..........
#+##....#......#..........
.........#{.....######.....
........oa@.##### #.....
.........#).# #.....
.........#..... #.....
#........#....... #.....
#........+.......# #.....
#........#..##########.....
####....#..# #..........
#....#..+ #..........
#.....#####


You could see a worker ant and an orc priest.

Vanquished Creatures
  A sky beast (D:5)
  An ice beast (D:5)
  A howler monkey (D:5)
  An orc priest (D:5)
  3 orc wizards
  Jessica (D:3)
  3 gnolls (D:5)
  6 adders
  An ooze (D:1)
  An adder zombie (D:5)
  2 worms (D:2)
  3 dart slugs (D:2)
  3 leopard geckos
  10 orcs
  9 bats
  6 giant cockroaches
  8 goblins
  7 hobgoblins
  15 jackals
  A quokka (D:5)
  2 ball pythons (D:1)
  4 frilled lizards
  6 kobolds
  9 rats
104 creatures vanquished.

Notes
Turn   | Place    | Note
-------+----------+-------------------------------------------
     0 | D:1      | Gottschkopf the Minotaur Fighter began the quest for the Orb.
     0 | D:1      | Reached XP level 1. HP: 19/19 MP: 0/0
   170 | D:1      | Reached skill level 4 in Fighting
   291 | D:1      | Reached XP level 2. HP: 27/27 MP: 1/1
   676 | D:1      | Reached skill level 5 in Fighting
   891 | D:2      | Reached XP level 3. HP: 28/36 MP: 2/2
  1196 | D:2      | Found an iron altar of Okawaru.
  1207 | D:2      | Reached XP level 4. HP: 36/44 MP: 3/3
  1239 | D:2      | Reached skill level 6 in Fighting
  1435 | D:2      | Found an iron altar of Okawaru.
  1574 | D:3      | HP: 1/45 [orc/trident (5)]
  1591 | D:4      | Reached XP level 5. HP: 4/51 MP: 4/4
  2017 | D:4      | Reached skill level 7 in Fighting
  2358 | D:3      | Noticed Jessica
  2362 | D:3      | Killed Jessica
  2557 | D:3      | Reached skill level 8 in Fighting
  2676 | D:3      | You fall through a shaft for 2 floors!
  2676 | D:5      | Entered Level 5 of the Dungeon
  2697 | D:5      | Reached XP level 6. HP: 44/61 MP: 5/5
  2761 | D:5      | Noticed an ice beast
  2772 | D:5      | Killed an ice beast
  2772 | D:5      | Reached skill level 9 in Fighting
  2778 | D:5      | Found a shimmering altar of Xom.
  2778 | D:5      | Found a basalt altar of Yredelemnul.
  2803 | D:5      | Noticed a sky beast
  2812 | D:5      | Killed a sky beast
  2812 | D:5      | Reached XP level 7. HP: 45/71 MP: 6/6
  2816 | D:5      | Gained mutation: You are frail. (-10% HP) [mutagenic meat]
  2818 | D:5      | Lost mutation: You are frail. (-10% HP) [mutagenic meat]
  2819 | D:5      | Gained mutation: You expend magic power (3 MP) to strengthen your wands. [mutagenic meat]
  2820 | D:5      | Gained mutation: Your body sometimes deteriorates upon taking damage. [mutagenic meat]
  2821 | D:5      | Gained mutation: You are somewhat resistant to further mutation. [mutagenic meat]
  2923 | D:5      | HP: 2/71 [worker ant (5)]
  2924 | D:5      | Slain by a worker ant

Skill      XL: |  1  2  3  4  5  6 |
---------------+-------------------+-----
Fighting       | 4 5 6 8 9 |  9.8
Long Blades    | |  2.4
Armour         | |  3.6
Shields        | |  3.6

Action                   |  1- 3 |  4- 6 |  7- 9 || total
-------------------------+-------+-------+-------++-------
Melee: Long sword        |    94 |   168 |    26 ||   288
       Headbutt          |    13 |    22 |     3 ||    38
  Eat: Chunk             |     1 |     6 |     6 ||    13
Armor: Scale mail        |    46 |    73 |    12 ||   131
Dodge: Dodged            |    38 |    66 |    12 ||   116
Block: Shield            |    60 |   124 |    19 ||   203
       Rpst.: Long sword |    11 |    19 |     4 ||    34
